 Dungeon Crawl Stone Soup version 0.20-a0-555-gf6ae02d (webtiles) character file.

686 Minion the Conjurer (level 7, -4/46 HPs)
             Began as a Human Conjurer on Feb 6, 2017.
             Was an Initiate of Vehumet.
             Shot with an arrow by a centaur (9 damage)
             ... on level 6 of the Dungeon.
             The game lasted 00:13:09 (6159 turns).

Minion the Conjurer (Human Conjurer)                Turns: 6159, Time: 00:13:09

Health: -4/46      AC:  5    Str:  9    XL:     7   Next: 94%
Magic:  0/15       EV: 12    Int: 17    God:    Vehumet [......]
Gold:   227        SH:  0    Dex: 13    Spells: 12/17 levels left

rFire    + . .     SeeInvis .   q - +0 spear (flame)
rCold    x . .     Gourm    +   a - +0 robe
rNeg     . . .     Faith    .   (no shield)
rPois    .         Spirit   .   (no helmet)
rElec    .         Reflect  .   h - +1 cloak
rCorr    .         Harm     .   (no gloves)
MR       .....                  A - +0 pair of boots
Stlth    ++........             k - amulet of the gourmand
Regen    0.2/turn               l - ring of fire
                                y - ring of flight

@: no status effects
A: no striking features
a: Renounce Religion, Evoke Flight


You were on level 6 of the Dungeon.
You worshipped Vehumet.
Vehumet was noncommittal.
You were full.

You visited 2 branches of the dungeon, and saw 7 of its levels.

You collected 227 gold pieces.

Inventory:

Hand Weapons
 q - a +0 spear of flaming (weapon)
Armour
 a - a +0 robe (worn)
 h - a +1 cloak (worn)
 n - +0 gold dragon scales
 A - a +0 pair of boots (worn)
Jewellery
 k - an amulet of the gourmand (around neck)
 l - a ring of fire (right hand)
 t - a +6 ring of strength
 y - a ring of flight (left hand)
Wands
 m - a wand of flame (19/48)
 u - a wand of paralysis (16/24)
Scrolls
 e - 5 scrolls of enchant armour {unknown}
 g - 2 scrolls of amnesia {unknown}
 j - a scroll of blinking {unknown}
 p - a scroll of magic mapping {unknown}
 s - a scroll of teleportation {unknown}
 v - a scroll of remove curse {unknown}
 x - a scroll of immolation {unknown}
Potions
 d - a potion of invisibility {unknown}
 i - 2 potions of agility {unknown}
 o - a potion of might {unknown}
 r - 2 potions of flight {unknown}
 w - a potion of heal wounds {unknown}
 z - 3 potions of curing {unknown}
Books
 b - a book of Conjurations

   Spells                             Type                      Level
   a - Magic Dart                     Conjuration                  1
   b - Searing Ray                    Conjuration                  2
   c - Dazzling Spray                 Conjuration/Hexes            3
   d - Fulminant Prism                Conjuration/Hexes            4
   e - Iskenderun's Mystic Blast      Conjuration                  4
   f - Iskenderun's Battlesphere      Conjuration/Charms           5
Comestibles
 c - a bread ration
 f - 3 fruits
 B - a meat ration


   Skills:
 - Level 2.0 Dodging
 - Level 2.0 Stealth
 + Level 5.6 Spellcasting
 + Level 6.9 Conjurations


You had 12 spell levels left.
You knew the following spells:

 Your Spells              Type           Power        Failure   Level  Hunger
a - Magic Dart            Conj           ####         1%          1    None
b - Iskenderun's Mystic   Conj           ####....     10%         4    ####...


Dungeon Overview and Level Annotations

Branches:
Dungeon (6/15)             Temple (1/1) D:6

Altars:
Cheibriados
Dithmenos
Gozag
Hepliaklqana
Kikubaaqudgha
Makhleb
Nemelex Xobeh
Okawaru
Qazlal
Ru
Sif Muna
Trog
Uskayaw
Vehumet
Xom
Yredelemnul
Zin
The Shining One

Annotations:
D:4 asdguy00's ghost, amateur DrFE


Message History

Aim: a crimson imp (heavily wounded)
The magic dart hits the crimson imp.
The crimson imp is heavily wounded.
The centaur hits you. The crimson imp hits you.
You hit the centaur but do no damage.
The centaur is heavily wounded.
The centaur hits you.
* * * LOW HITPOINT WARNING * * *
The centaur barely misses you.
The crimson imp hits you but does no damage.
The centaur wields an uncursed shortbow.
The centaur shoots an arrow.
The arrow closely misses you.
The crimson imp blinks!
You see here 2 arrows.
The centaur shoots an arrow.
The arrow hits you!
* * * LOW HITPOINT WARNING * * *
The centaur shoots an arrow.
The arrow closely misses you.
You see here 2 arrows.
The centaur shoots an arrow.
The arrow hits you!
You die...

....#
#..###..#
>.⌠.##...##
##.#
.......#.
#.##
⌠....###.
#..#
...#....
##.##
####....
#..# .# #
##.# # #.
#.# .


#PP #@# . #.. #(## ..#..P#.(# #........# #.....c..# ####..5### #... ##.P #._ You
could see a centaur and a crimson imp.

Vanquished Creatures
  2 ogres (D:4)
  A bullfrog (D:6)
  A bullfrog zombie (D:5)
  A centaur zombie (D:6)
  A hound (D:5)
  A bullfrog skeleton (D:5)
  An iguana (D:4)
  3 worker ants
  9 adders
  7 gnolls
  A shadow imp (D:5)
  An ooze (D:3)
  2 adder skeletons
  2 worms (D:3)
  2 dart slugs
  6 leopard geckos
  4 orcs
  5 giant cockroaches
  2 hobgoblins
  6 bats
  6 frilled lizards
  5 goblins
  A jackal skeleton (D:6)
  10 kobolds
  5 rats
85 creatures vanquished.

Notes
Turn   | Place    | Note
-------+----------+-------------------------------------------
     0 | D:1      | Minion the Human Conjurer began the quest for the Orb.
     0 | D:1      | Reached XP level 1. HP: 13/13 MP: 3/3
   627 | D:1      | Reached XP level 2. HP: 19/19 MP: 1/5
  1196 | D:2      | Reached XP level 3. HP: 24/24 MP: 0/7
  1523 | D:2      | Reached XP level 4. HP: 24/30 MP: 0/8
  2462 | D:3      | Reached XP level 5. HP: 33/35 MP: 5/10
  2505 | D:3      | Learned a level 4 spell: Iskenderun's Mystic Blast
  2516 | D:3      | Reached skill level 5 in Conjurations
  2618 | D:3      | Found a stormy altar of Qazlal.
  2619 | D:3      | Found an iron altar of Okawaru.
  2619 | D:3      | Found a glowing silver altar of Zin.
  2620 | D:3      | Found a sparkling altar of Nemelex Xobeh.
  3530 | D:4      | Noticed an ogre
  3535 | D:4      | Killed an ogre
  3535 | D:4      | Reached XP level 6. HP: 31/41 MP: 0/12
  3847 | D:4      | Noticed an ogre
  3851 | D:4      | Killed an ogre
  3851 | D:4      | Reached skill level 6 in Conjurations
  3851 | D:4      | Reached XP level 7. HP: 46/46 MP: 3/14
  3913 | D:4      | Noticed asdguy00's ghost (amateur DrFE)
  4420 | D:5      | Entered Level 5 of the Dungeon
  4705 | D:5      | Reached skill level 5 in Spellcasting
  6004 | D:6      | Found an iron altar of Okawaru.
  6029 | D:6      | Found a staircase to the Ecumenical Temple.
  6045 | Temple   | Entered the Ecumenical Temple
  6092 | Temple   | Became a worshipper of Vehumet
  6146 | D:6      | Found an ancient bone altar of Kikubaaqudgha.
  6159 | D:6      | Shot with an arrow by a centaur

Vault maps used:
D:1:      dpeg_arrival_renting, serial_park_tiny_2
D:2:      minmay_tree_intersection
D:3:      chequers_temple_overflow_statue_of_worship, eino_tiny_chamber
D:4:      first_bread
D:6:      grunt_temple_overflow_growth_and_decay, temple_fountains,
          okawaru_trees_1
Temple:   nicolae_temple_god_jail

Skill      XL: |  1  2  3  4  5  6  7 |
---------------+----------------------+-----
Spellcasting   | 3 4 5 |  5.6
Conjurations   | 5 6 |  6.9
Dodging        | |  2.0
Stealth        | |  2.0

Action                   |  1- 3 |  4- 6 |  7- 9 || total
-------------------------+-------+-------+-------++-------
Melee: Unarmed           |    45 |       |       ||    45
       Halberd           |       |     6 |       ||     6
       Spear             |       |       |    33 ||    33
 Cast: Magic Dart        |    58 |   108 |    58 ||   224
       Iskenderun's Myst |       |     5 |    22 ||    27
 Stab: Sleeping          |       |       |     1 ||     1
  Eat: Chunk             |     5 |    16 |     9 ||    30
Armor: Robe              |     5 |     7 |     8 ||    20
Dodge: Dodged            |    36 |    29 |    43 ||   108
